 Dungeon Crawl Stone Soup version 0.23.2-33-g5129a83184 (webtiles) character file.

Game seed: 3925248372818981224

13776 hudiniq the Impaler (level 11, -8/85 HPs)
             Began as a Minotaur Fighter on Aug 8, 2019.
             Was an Elder of Makhleb.
             Mangled by a ten-headed hydra (9 damage)
             ... on level 2 of the Lair of Beasts.
             The game lasted 01:27:43 (11152 turns).

hudiniq the Impaler (Minotaur Fighter)             Turns: 11152, Time: 01:27:44

Health: -8/85      AC: 13    Str: 23    XL:     11   Next: 80%
Magic:  0/10       EV: 10    Int:  5    God:    Makhleb [****..]
Gold:   380        SH:  0    Dex: 15    Spells: 10/10 levels left

rFire    . . .     SeeInvis .   d - +5 scythe (freeze)
rCold    x . .     Gourm    .   (shield currently unavailable)
rNeg     . . .     Faith    .   O - +4 scale mail of the Ninety-Nine Ghosts {rElec rC- MR+ Dex+4}
rPois    .         Spirit   +   (helmet restricted)
rElec    +         Reflect  .   n - +0 cloak
rCorr    +         Harm     .   (no gloves)
MR       +....                  (no boots)
Stlth    ..........             u - amulet of guardian spirit
HPRegen  0.24/turn              o - ring of resist corrosion
MPRegen  0.12/turn              F - +1 ring of protection

@: lethally poisoned (-8 -> -9), about to teleport
A: retaliatory headbutt, horns 2
a: Minor Destruction, Lesser Servant of Makhleb, Major Destruction, Renounce
Religion


You were on level 2 of the Lair of Beasts.
You worshipped Makhleb.
Makhleb was greatly pleased with you.
You were not hungry.

You visited 3 branches of the dungeon, and saw 11 of its levels.

You collected 464 gold pieces.
You spent 84 gold pieces at shops.

Inventory:

Hand Weapons
 d - a +5 scythe of freezing (weapon)
 k - a +0 dagger of venom
 C - a +1 mace of protection
 H - a +2 whip of electrocution
 J - a +2 quarterstaff of chaos
 K - a +0 mace of venom
 L - the +5 mace of Gloom {freeze, rElec Str+2 Dex-4}
   (You found it on level 6 of the Dungeon)

   It has been specially enchanted to freeze those struck by it, causing extra
   injury to most foes and up to half again as much damage against particularly
   susceptible opponents.
   It can also slow down cold-blooded creatures.
   It affects your strength (+2).
   It affects your dexterity (-4).
   It insulates you from electricity.
 M - a +5 mace
 P - a +0 shortbow of freezing
 S - a +3 flail
 V - a +0 bardiche
 Y - the +4 war axe of Bile {chop, rElec MR++}
   (You took it off a big kobold on level 8 of the Dungeon)

   It inflicts extra damage upon your enemies.
   It insulates you from electricity.
   It affects your resistance to hostile enchantments.
Missiles
 r - 9 tomahawks
 E - 101 arrows
 X - a throwing net (quivered)
Armour
 b - a +1 scale mail
 c - a +0 shield
 n - a +0 cloak (worn)
 O - the +4 scale mail of the Ninety-Nine Ghosts (worn) {rElec rC- MR+ Dex+4}
   (You found it on level 6 of the Dungeon)

   It affects your dexterity (+4).
   It makes you vulnerable to cold.
   It insulates you from electricity.
   It affects your resistance to hostile enchantments.
Jewellery
 h - an uncursed amulet of the gourmand
 m - a +2 ring of intelligence
 o - a ring of resist corrosion (left hand)
 u - an amulet of guardian spirit (around neck)
 B - an uncursed ring of see invisible
 F - a +1 ring of protection (right hand)
 R - a cursed +4 ring of intelligence
Wands
 a - a wand of digging (4)
 l - a wand of random effects (28)
 w - a wand of acid (5)
 x - a wand of paralysis (15)
 T - a wand of scattershot (4)
Scrolls
 e - 3 scrolls of enchant armour
 g - 7 scrolls of remove curse
 j - 8 scrolls of identify
 v - 8 scrolls of teleportation
 y - a scroll of fog {unknown}
 G - a scroll of immolation {unknown}
 I - a scroll of acquirement
 U - a scroll of blinking
 Z - a scroll of silence {unknown}
Potions
 i - 2 potions of lignification
 p - a potion of resistance
 q - 2 potions of flight
 s - 2 potions of curing
 t - a potion of magic {unknown}
 z - a potion of brilliance {unknown}
 A - a potion of berserk rage {unknown}
 N - 2 potions of might
 Q - 2 potions of mutation {unknown}
Comestibles
 f - 19 rations
 D - 6 chunks of flesh


   Skills:
 - Level 4.7 Fighting
 - Level 5.4(14.0) Axes
 + Level 19.3(19.5) Polearms
 - Level 5.1 Armour
 - Level 1.5 Dodging
 - Level 0.3 Stealth
 - Level 5.1 Shields


You had 10 spell levels left.
You didn't know any spells.
Your spell library contained the following spells:

 Spells                   Type           Power        Failure   Level  Hunger
 Beastly Appendage        Tmut           #.....       77%         1    ##.....
 Confusing Touch          Hex            #.....       77%         1    ##.....
 Flame Tongue             Conj/Fire      #....        77%         1    ##.....
 Sticks to Snakes         Tmut           #.......     88%         2    ###....
 Throw Flame              Conj/Fire      #.....       88%         2    ###....
 Confuse                  Hex            #.......     98%         3    ####...
 Conjure Flame            Conj/Fire      #.......     98%         3    ####...
 Gell's Gravitas          Tloc           #.........   98%         3    ####...
 Inner Flame              Hex/Fire       #.......     98%         3    ####...
 Spider Form              Tmut/Pois      #.........   98%         3    ####...
 Ice Form                 Ice/Tmut       #.......     100%        4    #####..
 Petrify                  Tmut/Erth      #.......     100%        4    #####..
 Sticky Flame             Conj/Fire      #.......     100%        4    #####..
 Blade Hands              Tmut           #.........   100%        5    ######.
 Fireball                 Conj/Fire      #.........   100%        5    ######.
 Metabolic Englaciation   Hex/Ice        #.........   100%        5    ######.
 Yara's Violent Unravell  Hex/Tmut       #.........   100%        5    ######.


Dungeon Overview and Level Annotations

Branches:
Dungeon (8/15)             Temple (1/1) D:4            Lair (2/6) D:8
  Snake (0/4) Lair:2
  Swamp: Lair:2-4    Shoals: Lair:2-4

Altars:
Ashenzari
Cheibriados
Dithmenos
Elyvilon
Gozag
Hepliaklqana
Kikubaaqudgha
Makhleb
Nemelex Xobeh
Okawaru
Qazlal
Ru
Sif Muna
Trog
Uskayaw
Vehumet
Wu Jian
Xom
Yredelemnul
Zin
The Shining One

Shops:
D:5 !

Annotations:
Lair:2 2 transporters


Innate Abilities, Weirdness & Mutations

You reflexively headbutt those who attack you in melee.
You have a pair of horns on your head.


Message History

* * * LOW HITPOINT WARNING * * *
The ten-headed hydra bites you but does no damage.
The ten-headed hydra barely misses you. The ten-headed hydra bites you.
* * * LOW HITPOINT WARNING * * *
The ten-headed hydra bites you.
* * * LOW HITPOINT WARNING * * *
The ten-headed hydra bites you but does no damage.
As you read the scroll of teleportation, it crumbles to dust.
You feel strangely unstable. The ten-headed hydra bites you.
* * * LOW HITPOINT WARNING * * *
The ten-headed hydra bites you.
* * * LOW HITPOINT WARNING * * *
The ten-headed hydra bites you.
* * * LOW HITPOINT WARNING * * *
The ten-headed hydra bites you but does no damage.
The ten-headed hydra barely misses you.
The ten-headed hydra closely misses you.
The ten-headed hydra bites you but does no damage.
The ten-headed hydra bites you!
You die...

##. ##...# ##...#..#([..○ #..
#.÷.P# #...#..#DF.○°
#..####...#.# ##.....#○○○○○
#..#.#.÷#### ##....#○°.○○
#...#..P# ##....######
##......# #..........#
###......P#######...........
#...P.>....##..##F..#.......
....##......@D...P...........
..P ###...###........#......
##..## #####........... #P..#
#............ #...##
##........... ##...#
#..........#. ##..###
#..>..........
##..#.#####......(....
#P...###.##...........


You could see a ten-headed hydra and a blink frog.

Vanquished Creatures
  Harold (D:8)
  Nergalle (Lair:2)
  Pikel (D:5)
  3 black mambas (Lair:2)
  2 spiny frogs
  A komodo dragon (D:8)
  2 trolls
  5 blink frogs (Lair:1)
  Grinder (D:6)
  2 hippogriffs (Lair:1)
  Sigmund (D:3)
  21 yaks
  A basilisk (Lair:1)
  9 water moccasins
  A porcupine (Lair:2)
  2 slaves (D:5)
  An orc warrior (D:8)
  A sky beast (D:7)
  3 ice beasts
  A phantom (D:8)
  The ghost of attaboy the Changer, an amateur NaTm (D:3)
  10 wolves
  4 centaurs
  2 ogres
  4 crocodiles
  2 big kobolds
  6 bullfrogs
  3 scorpions
  An electric eel (D:8)
  A howler monkey (D:5)
  A bullfrog zombie (D:7)
  3 crimson imps
  3 hounds
  Crazy Yiuf (D:6)
  5 jellies
  An orc priest (D:3)
  2 iguanas
  4 orc wizards
  7 worker ants
  A hound skeleton (D:7)
  2 worker ant zombies
  15 adders
  4 gnolls (D:2)
  6 oozes
  2 worms (D:2)
  A leopard gecko (D:4)
  23 orcs
  2 ball pythons
  5 bats
  5 giant cockroaches
  5 goblins
  6 hobgoblins
  6 jackals
  3 quokkas
  3 frilled lizards
  12 kobolds
  7 rats
229 creatures vanquished.

Vanquished Creatures (others)
  A fungus (Lair:2)
1 creature vanquished.

Grand Total: 230 creatures vanquished

Notes
Turn   | Place    | Note
-------+----------+-------------------------------------------
     0 | D:1      | hudiniq the Minotaur Fighter began the quest for the Orb.
     0 | D:1      | Reached XP level 1. HP: 19/19 MP: 0/0
   165 | D:1      | Reached XP level 2. HP: 27/27 MP: 1/1
   771 | D:2      | Found an ornate altar of the Wu Jian Council.
   867 | D:2      | Reached XP level 3. HP: 33/33 MP: 2/2
   926 | D:2      | Found a burning altar of Makhleb.
  1509 | D:2      | Reached XP level 4. HP: 18/40 MP: 3/3
  2184 | D:3      | Found a runed translucent gate.
  2185 | D:3      | Found a runed translucent gate.
  2185 | D:3      | Found a runed translucent gate.
  2186 | D:3      | Noticed attaboy's ghost (amateur NaTm)
  2241 | D:3      | Reached XP level 5. HP: 38/47 MP: 4/4
  2256 | D:3      | Killed attaboy's ghost
  2256 | D:3      | Reached skill level 1 in Dodging
  2392 | D:3      | Reached skill level 5 in Armour
  2395 | D:3      | Noticed Sigmund
  2441 | D:3      | Killed Sigmund
  2441 | D:3      | Reached skill level 5 in Axes
  2441 | D:3      | Reached skill level 5 in Shields
  2441 | D:3      | Reached XP level 6. HP: 32/53 MP: 5/5
  2693 | D:3      | Reached skill level 1 in Polearms
  3160 | D:2      | Became a worshipper of Makhleb the Destroyer
  3208 | D:3      | Reached skill level 2 in Polearms
  3417 | D:4      | Reached skill level 3 in Polearms
  3417 | D:4      | Reached XP level 7. HP: 54/60 MP: 6/6
  3479 | D:4      | Reached skill level 4 in Polearms
  3619 | D:4      | Reached skill level 5 in Polearms
  3689 | D:4      | Found a staircase to the Ecumenical Temple.
  3695 | Temple   | Entered the Ecumenical Temple
  4290 | D:4      | Found a white marble altar of Elyvilon.
  4390 | D:4      | Found a basalt altar of Yredelemnul.
  4933 | D:4      | Reached skill level 6 in Polearms
  5072 | D:5      | Entered Level 5 of the Dungeon
  5139 | D:5      | Found Uxomech's Distillery.
  5183 | D:5      | Bought a potion of degeneration for 14 gold pieces
  5266 | D:5      | Reached skill level 7 in Polearms
  5278 | D:5      | Reached XP level 8. HP: 34/67 MP: 2/7
  5762 | D:5      | Found a hazy altar of Hepliaklqana.
  5792 | D:5      | Bought a potion of heal wounds for 70 gold pieces
  5831 | D:6      | Noticed Pikel
  5865 | D:5      | Reached skill level 8 in Polearms
  5980 | D:5      | Killed Pikel
  5980 | D:5      | Reached skill level 10 in Polearms
  6175 | D:6      | Noticed Grinder
  6181 | D:6      | Paralysed by Grinder for 7 turns
  6296 | D:5      | Reached * piety under Makhleb
  6448 | D:6      | Paralysed by Grinder for 6 turns
  6460 | D:6      | Paralysed by Grinder for 3 turns
  6463 | D:6      | Killed Grinder
  6463 | D:6      | Reached skill level 11 in Polearms
  6610 | D:6      | Found a runed translucent door.
  6613 | D:6      | Noticed Crazy Yiuf
  6615 | D:6      | Killed Crazy Yiuf
  6625 | D:6      | Got an iridescent mace
  6634 | D:6      | Identified the +5 mace of Gloom {freeze, rElec Str+2 Dex-4}
                  | (You found it on level 6 of the Dungeon)
  6664 | D:6      | Found a hide-covered altar of Uskayaw.
  6710 | D:6      | Reached XP level 9. HP: 72/72 MP: 8/8
  6749 | D:6      | Got a twisted scale mail
  6757 | D:6      | Identified the +4 scale mail of the Ninety-Nine Ghosts
                  | {rElec rC- MR+ Dex+4} (You found it on level 6 of the
                  | Dungeon)
  6936 | D:6      | Found a glowing golden altar of the Shining One.
  6942 | D:6      | Found a radiant altar of Vehumet.
  7223 | D:7      | Reached skill level 12 in Polearms
  7239 | D:7      | Reached skill level 13 in Polearms
  7424 | D:7      | Found a shimmering altar of Xom.
  7758 | D:7      | Noticed a troll
  7761 | D:7      | Killed a troll
  7761 | D:7      | Reached skill level 14 in Polearms
  7763 | D:7      | Found a deep blue altar of Sif Muna.
  8195 | D:8      | Reached ** piety under Makhleb
  8333 | D:8      | Noticed Harold
  8341 | D:8      | Killed Harold
  8341 | D:8      | Reached XP level 10. HP: 67/80 MP: 6/9
  8379 | D:8      | Reached skill level 15 in Polearms
  8421 | D:8      | Identified the +4 war axe of Bile {chop, rElec MR++}
  8557 | D:8      | Found a staircase to the Lair.
  8729 | D:8      | Found a shattered altar of Ashenzari.
  9196 | Lair:1   | Entered Level 1 of the Lair of Beasts
  9229 | D:8      | Reached skill level 16 in Polearms
  9289 | D:8      | Reached *** piety under Makhleb
  9600 | Lair:1   | Reached skill level 17 in Polearms
  9611 | Lair:1   | Reached XP level 11. HP: 70/85 MP: 7/10
  9879 | Lair:1   | Reached skill level 18 in Polearms
  9970 | Lair:1   | Identified 2 scrolls of acquirement
 10487 | Lair:2   | Found a staircase to the Snake Pit.
 10649 | Lair:2   | Reached **** piety under Makhleb
 10973 | Lair:2   | Found a transporter.
 11003 | Lair:2   | Reached skill level 19 in Polearms
 11057 | Lair:2   | Noticed a swamp dragon
 11057 | Lair:2   | Noticed a swamp dragon
 11072 | Lair:2   | Noticed Nergalle
 11087 | Lair:2   | Killed Nergalle
 11093 | Lair:2   | Found a transporter.
 11105 | Lair:2   | Noticed an eight-headed hydra
 11152 | Lair:2   | HP: 4/85 [ten-headed hydra (5)]
 11152 | Lair:2   | HP: 1/85 [ten-headed hydra (3)]
 11152 | Lair:2   | Mangled by a ten-headed hydra

Skill      XL: |  1  2  3  4  5  6  7  8  9 10 11 |
---------------+----------------------------------+-----
Shields        | 4 5 |  5.1
Fighting       | 4 |  4.7
Armour         | 4 5 |  5.1
Axes           | 3 4 5 |  5.4
Dodging        | 1 |  1.5
Polearms       | 3 7 11 14 17 19 | 19.3
Stealth        | |  0.3

Action                   |  1- 3 |  4- 6 |  7- 9 | 10-12 || total
-------------------------+-------+-------+-------+-------++-------
Melee: War axe           |    65 |    73 |       |       ||   138
       Headbutt          |     7 |    16 |    24 |    54 ||   101
       Scythe            |       |    26 |   173 |   294 ||   493
Evoke: Wand              |       |     1 |       |       ||     1
  Use: Scroll            |     2 |     2 |     7 |     4 ||    15
       Potion            |     1 |     4 |     2 |     1 ||     8
  Eat: Chunk             |     1 |     6 |     9 |    10 ||    26
       Ration            |       |     1 |     1 |       ||     2
Armor: Scale mail        |    34 |    65 |    92 |   146 ||   337
Dodge: Dodged            |    18 |    51 |    86 |   158 ||   313
Block: Shield            |    39 |    37 |       |       ||    76
